 Dungeon Crawl Stone Soup version 0.17-a0-1738-g82cdc46 (webtiles) character file.

91 kae the Insei (level 4, -7/35 HPs)
             Began as a Demonspawn Monk on Aug 30, 2015.
             Was a Believer of Okawaru.
             Mangled by a centaur (9 damage)
             ... on level 3 of the Dungeon.
             The game lasted 00:02:38 (2165 turns).

kae the Insei (Demonspawn Monk)                     Turns: 2165, Time: 00:02:39

Health: -7/35      AC:  3    Str: 11    XL:     4   Next: 34%
Magic:  4/4        EV: 19    Int: 12    God:    Okawaru [**....]
Gold:   103        SH:  0    Dex: 21    Spells: 0 memorised, 3 levels left

rFire  . . .     SeeInvis .       - Unarmed
rCold  . . .     Clarity  .     a - +1 robe
rNeg   . . .     SustAt   .     (no shield)
rPois  .         Gourm    .     (no helmet)
rElec  .         Spirit   .     (no cloak)
rCorr  .         Warding  .     (no gloves)
rMut   .         Rnd*Tele +     (no boots)
MR     +....                    (no amulet)
Stlth  ++++......               (no ring)
                                i - ring of teleportation (curse)

@: agile, somewhat resistant to hostile enchantments, stealthy
A: claws 1, hooves 1, camouflage 1, breathe flames 1, magic resistance 1
a: Heroism, Renounce Religion, Breathe Fire, Evoke Teleportation


You were on level 3 of the Dungeon.
You worshipped Okawaru.
Okawaru was pleased with you.
You were not hungry.

You visited 1 branch of the dungeon, and saw 3 of its levels.

You collected 103 gold pieces.

Inventory:

Armour
 a - a +1 robe (worn)
Jewellery
 i - a cursed ring of teleportation (left claw)
Scrolls
 c - a scroll of teleportation
 d - 3 scrolls of identify
 e - a scroll of noise {unknown}
Potions
 g - a potion of haste
Comestibles
 b - 3 bread rations
 f - 2 chunks of flesh


   Skills:
 - Level 3.0 Fighting
 - Level 2.6 Dodging
 - Level 1.7 Stealth
 + Level 5.3 Unarmed Combat


You had 3 spell levels left.
You didn't know any spells.

Dungeon Overview and Level Annotations

Branches:
Dungeon (3/15)

Altars:
Ashenzari
Okawaru
Xom
Yredelemnul
Zin


Innate Abilities, Weirdness & Mutations

You have sharp fingernails.
You have large cloven feet.
Your skin changes colour to match your surroundings (Stealth).
You can breathe flames.
You are resistant to hostile enchantments.


Message History

The centaur is lightly wounded.
The centaur completely misses you.
You scratch the centaur. You kick the centaur, but do no damage.
The centaur is moderately wounded.
The centaur misses you.
You scratch the centaur. Your kick misses the centaur.
The centaur is heavily wounded.
The centaur completely misses you. The centaur misses you.
You scratch the centaur but do no damage.
You kick the centaur, but do no damage.
The centaur is heavily wounded.
The centaur misses you.
You scratch the centaur. You kick the centaur, but do no damage.
The centaur is heavily wounded.
The centaur misses you.
You scratch the centaur but do no damage.
You kick the centaur, but do no damage.
The centaur is heavily wounded.
The centaur hits you!
You die...

#.#.##.#<###.#####
#.#.##.)## #.#
#.#.####.# ##
#.#(# #.# #.#.##
#(# #...(## ##
#.....# ##....#
##.#@# #...c.#
#(....# #.......
#.....### #.....#
###.### #.#


You could see a centaur.

Vanquished Creatures
  An orc wizard (D:3)
  2 adders (D:2)
  An ooze (D:1)
  3 giant geckos
  2 orcs (D:3)
  A ball python (D:1)
  2 bats
  4 giant cockroaches
  3 goblins
  3 hobgoblins
  4 jackals (D:2)
  5 kobolds
  2 giant newts (D:1)
  5 rats (D:2)
38 creatures vanquished.

Notes
Turn   | Place    | Note
--------------------------------------------------------------
     0 | D:1      | kae the Demonspawn Monk began the quest for the Orb.
     0 | D:1      | Reached XP level 1. HP: 18/18 MP: 1/1
   285 | D:1      | Reached skill level 4 in Unarmed Combat
   289 | D:1      | Gained mutation: You have sharp fingernails. [demonic ancestry]
   289 | D:1      | Reached XP level 2. HP: 13/24 MP: 2/2
   610 | D:1      | Found an iron altar of Okawaru.
   671 | D:1      | Became a worshipper of Warmaster Okawaru
   671 | D:1      | Acquired Okawaru's first power
   809 | D:1      | Gained mutation: You can breathe flames. [potion of mutation]
   809 | D:1      | Gained mutation: You are resistant to hostile enchantments. [potion of mutation]
   809 | D:1      | Gained mutation: Your skin changes colour to match your surroundings (Stealth). [potion of mutation]
   996 | D:2      | Reached XP level 3. HP: 29/29 MP: 3/3
  1043 | D:2      | Found a basalt altar of Yredelemnul.
  1047 | D:2      | Found a shimmering altar of Xom.
  1047 | D:2      | Found a shattered altar of Ashenzari.
  1048 | D:2      | Found a glowing silver altar of Zin.
  1603 | D:2      | Reached skill level 5 in Unarmed Combat
  1947 | D:3      | Noticed a centaur
  1948 | D:3      | Gained mutation: You have large cloven feet. [demonic ancestry]
  1948 | D:3      | Reached XP level 4. HP: 27/35 MP: 4/4
  2159 | D:3      | HP: 1/35 [centaur (3)]
  2165 | D:3      | Mangled by a centaur

Vault maps used:
D:1:      mrwooster_arrival_statue_3, serial_glass, glass_columns_a,
          glass_columns_b, glass_columns_b, glass_columns_c, glass_columns_a,
          glass_columns_a, glass_columns_c, glass_columns_c,
          serial_bayou_pond_e, okawaru_ov_weapons_minmay
D:2:      grunt_temple_overflow_open, grunt_decor_clamped

Action                   |  1- 3 |  4- 6 || total
-------------------------+-------+-------++-------
Melee: Unarmed           |   122 |    14 ||   136
  Use: Scroll            |     9 |       ||     9
       Potion            |     2 |     1 ||     3
 Stab: Sleeping          |     9 |       ||     9
  Eat: Chunk             |     3 |     1 ||     4
